 Dungeon Crawl Stone Soup version 0.20.1-1-g8b1a95d (webtiles) character file.

191 Monsterracer the Bolt Thrower (level 6, -1/37 HPs)
             Began as a Kobold Hunter on Aug 13, 2017.
             Killed from afar by an orc wizard (5 damage)
             ... with a magic dart
             ... on level 3 of the Dungeon.
             The game lasted 00:07:13 (3535 turns).

Monsterracer the Bolt Thrower (Kobold Hunter)       Turns: 3535, Time: 00:07:14

Health: -1/37      AC:  5    Str:  9    XL:     6   Next: 2%
Magic:  6/6        EV: 14    Int: 12    God:
Gold:   104        SH:  0    Dex: 18    Spells: 5/5 levels left

rFire    + . .     SeeInvis +   b - +0 short sword
rCold    + . .     Gourm    .   (shield restricted)
rNeg     . . .     Faith    .   u - +0 ring mail
rPois    +         Spirit   .   (no helmet)
rElec    +         Reflect  .   (no cloak)
rCorr    +         Harm     .   (no gloves)
MR       .....                  (no boots)
Stlth    ++........             (no amulet)
Regen    0.2/turn               c - ring of see invisible
MPRegen  0.1/turn               (no ring)

@: resistant, flying
A: carnivore 3
a: no special abilities


You were on level 3 of the Dungeon.
You were completely stuffed.

You visited 1 branch of the dungeon, and saw 3 of its levels.

You collected 104 gold pieces.

Inventory:

Hand Weapons
 a - a +1 hand crossbow
 b - a +0 short sword (weapon)
Missiles
 d - 12 bolts
Armour
 u - a +0 ring mail (worn)
Jewellery
 c - a ring of see invisible (left hand)
Scrolls
 h - a scroll of enchant armour {unknown}
 j - a scroll of magic mapping {unknown}
 k - a scroll of immolation {unknown}
 l - 2 scrolls of blinking {unknown}
 n - a scroll of teleportation {unknown}
 o - 3 scrolls of identify {unknown}
 q - 2 scrolls of remove curse {unknown}
 r - a scroll of fog {unknown}
Potions
 e - a potion of resistance
 g - a potion of lignification {unknown}
 i - a potion of berserk rage {unknown}
 m - a potion of flight
 p - a potion of agility {unknown}
 s - a potion of curing
Comestibles
 f - 3 meat rations
 t - a royal jelly


   Skills:
 + Level 3.5 Fighting
 * Level 3.3 Short Blades
 * Level 5.8 Crossbows
 + Level 3.2 Dodging
 * Level 3.1 Stealth


You had 5 spell levels left.
You didn't know any spells.

Dungeon Overview and Level Annotations

Branches:
Dungeon (3/15)

Altars:
Elyvilon


Innate Abilities, Weirdness & Mutations

You are small and have problems with some larger weapons.
You are carnivorous and can eat meat at any time.


Message History

You are electrocuted!
* * * LOW HITPOINT WARNING * * *
Huge Dmg: -35%(-13hp) hp: 36%(13hp)
The orc wizard hits you but does no damage.
You are electrocuted!
* * * LOW HITPOINT WARNING * * *
Huge Dmg: -25%(-9hp) hp: 11%(4hp) It was a potion of flight.
You feel very buoyant.
You fly up into the air.
The orc wizard misses you. The orc hits you but does no damage.
It was a potion of resistance.
You feel protected. The orc wizard closely misses you.
The orc wizard misses you.
The orc wizard hits you with a dagger of electrocution.
* * * LOW HITPOINT WARNING * * *
Huge Dmg: -2%(-1hp) hp: 9%(3hp)
The orc wizard gestures at you while chanting.
The magic dart hits you!
You die...

.......♣._.♣....#.###... ...
#........(........#
...###≈..♣..≈#....#####
.....#≈≈...≈≈#....#
#...(###...###..#.###########
#.......(.....................
#...............##.####### #!
#...............##.#### ####
#........<...@.o..o.(.#####..w
#..............o....o.).......
#...).................#####o..
#.....................# #...
##....................# .....
#.......................##...
#####.....÷....##................
....<.......#####.####........#..
.................. ).....######


You could see an orc wizard and 3 orcs.

Vanquished Creatures
  Terence (D:2)
  A worker ant (D:2)
  A hound skeleton (D:3)
  6 adders
  An ooze (D:2)
  3 worms
  2 dart slugs (D:1)
  2 leopard geckos (D:2)
  An orc (D:3)
  A ball python (D:2)
  7 bats
  5 giant cockroaches
  4 goblins
  5 hobgoblins
  5 jackals (D:2)
  4 kobolds
  4 quokkas
  3 frilled lizards
  8 rats
64 creatures vanquished.

Vanquished Creatures (others)
  A quokka (D:3)
  A bat (D:3)
2 creatures vanquished.

Grand Total: 66 creatures vanquished

Notes
Turn   | Place    | Note
-------+----------+-------------------------------------------
     0 | D:1      | Monsterracer the Kobold Hunter began the quest for the Orb.
     0 | D:1      | Reached XP level 1. HP: 12/12 MP: 1/1
   161 | D:1      | Reached skill level 1 in Short Blades
   207 | D:1      | Reached XP level 2. HP: 16/18 MP: 2/2
   751 | D:2      | Reached skill level 5 in Crossbows
   813 | D:2      | HP: 4/18 [worm (8)]
   829 | D:2      | Reached XP level 3. HP: 6/22 MP: 3/3
   829 | D:2      | HP: 4/22 [jackal (2)]
  1295 | D:2      | HP: 8/22 [worm (7)]
  1308 | D:2      | Reached XP level 4. HP: 12/27 MP: 4/4
  1542 | D:2      | Noticed Terence
  1553 | D:2      | HP: 10/27 [Terence/flail (5)]
  1561 | D:2      | Killed Terence
  1816 | D:2      | HP: 14/28 [poisoned by an adder]
  1824 | D:2      | HP: 13/28 [poisoned by an adder]
  2024 | D:2      | Reached XP level 5. HP: 29/32 MP: 5/5
  2394 | D:3      | Noticed an ice beast
  2447 | D:2      | HP: 11/32 [worker ant (6)]
  2452 | D:2      | HP: 6/32 [kobold/short sword (2)]
  2835 | D:3      | Found a white marble altar of Elyvilon.
  2847 | D:3      | HP: 16/32 [poisoned by an adder]
  2853 | D:3      | HP: 8/32 [poisoned by an adder]
  2859 | D:3      | HP: 6/32 [poisoned by an adder]
  2867 | D:3      | HP: 5/32 [poisoned by an adder]
  3157 | D:3      | HP: 13/32 [worm (7)]
  3160 | D:3      | HP: 6/32 [worm (7)]
  3486 | D:3      | Reached XP level 6. HP: 37/37 MP: 6/6
  3530 | D:3      | HP: 13/37 [orc wizard/dagger of electrocution (13)]
  3531 | D:3      | HP: 4/37 [orc wizard/dagger of electrocution (9)]
  3535 | D:3      | Killed from afar by an orc wizard

Skill      XL: |  1  2  3  4  5 |
---------------+----------------+-----
Short Blades   | 1 2 3 |  3.3
Crossbows      | 5 |  5.8
Stealth        | 2 3 |  3.1
Fighting       | 3 |  3.5
Dodging        | 3 |  3.2

Action                   |  1- 3 |  4- 6 || total
-------------------------+-------+-------++-------
Melee: Short sword       |   138 |   174 ||   312
 Fire: Hand crossbow     |    18 |    37 ||    55
  Use: Potion            |       |     3 ||     3
 Stab: Sleeping          |     5 |     1 ||     6
  Eat: Chunk             |    10 |     7 ||    17
Armor: Leather armour    |    36 |     9 ||    45
       Ring mail         |       |    67 ||    67
Dodge: Dodged            |   142 |   190 ||   332
